 Dungeon Crawl Stone Soup version 0.30-a0-728-gc68057be0a (webtiles) character file.

Game seed: 7805112237230038039

108086 Ijustatesigmund the Eclecticist (level 16, -1/90 HPs)
             Began as a Deep Elf Conjurer on Jan 30, 2023.
             Was the Champion of Vehumet.
             Slain by an orc priest
             ... wielding a +1 heavy flail
              (22 damage)
             ... on level 2 of the Orcish Mines.
             The game lasted 01:52:58 (35584 turns).

Ijustatesigmund the Eclecticist (DECj)             Turns: 35584, Time: 01:52:58

Health: -1/90      AC: 12    Str:  6    XL:     16   Next: 1%
Magic:  3/40       EV: 15    Int: 30    God:    Vehumet [******]
Gold:   2922       SH:  6    Dex: 13    Spells: 23/51 levels left

rFire   + . .      SeeInvis +    c - +4 rapier of Terra Cotta {flame, Will++ SInv}
rCold   + . .      Faith    .    d - +1 buckler
rNeg    . . .      Spirit   .    y - +0 steam dragon scales
rPois   .          Reflect  .    (no helmet)
rElec   .          Harm     .    B - scarf {rC+ rF+}
rCorr   .          Rampage  .    N - +0 pair of gloves
Will    +++..                    j - +1 pair of boots
Stlth   ++                       z - amulet of magic regeneration
HPRegen 0.35/turn                g - +4 ring of protection
MPRegen 0.67/turn                h - ring of wizardry

@: about to teleport, spiked
A: no striking features
a: Renounce Religion


You were on level 2 of the Orcish Mines.
You worshipped Vehumet.
Vehumet was exalted by your worship.
You visited 4 branches of the dungeon, and saw 21 of its levels.
You also visited: Sewer, Ice Cave and Volcano.

You collected 3120 gold pieces.
You spent 198 gold pieces at shops.

Inventory:

Hand Weapons
 c - the +4 rapier of Terra Cotta (weapon) {flame, Will++ SInv}
   (You bought it in a shop on level 5 of the Dungeon)

   SInv:      It lets you see invisible.
   Will:      It greatly increases your willpower.
 T - a +3 longbow of flaming
Armour
 d - a +1 buckler (worn)
 j - a +1 pair of boots (worn)
 q - a +0 troll leather armour
 x - a +2 cloak
 y - +0 steam dragon scales (worn)
 B - a scarf of resistance (worn)
 D - +0 acid dragon scales
 N - a +0 pair of gloves (worn)
Magical Staves
 w - a staff of fire
Jewellery
 g - a +4 ring of protection (left hand)
 h - a ring of wizardry (right hand)
 m - an amulet of the acrobat
 z - an amulet of magic regeneration (around neck)
 L - a ring of protection from fire
 V - a ring of ice
 W - an amulet of regeneration
 Y - a +5 ring of evasion
Wands
 a - a wand of polymorph (23)
 r - a wand of paralysis (2)
 G - a wand of digging (3)
 H - a wand of flame (27)
 I - a wand of iceblast (1)
Scrolls
 b - a scroll of enchant weapon
 p - 2 scrolls of identify
 v - a scroll of summoning
 E - 3 scrolls of poison
 F - a scroll of torment
 J - 2 scrolls of fog
 M - a scroll of fear
 O - 2 scrolls of magic mapping
 P - 3 scrolls of teleportation
 R - 2 scrolls of immolation
 S - a scroll of silence
 Z - a scroll of enchant armour
Potions
 e - 8 potions of brilliance
 f - 5 potions of invisibility
 i - 5 potions of might
 k - 9 potions of flight
 l - a potion of haste
 n - 3 potions of heal wounds
 o - 2 potions of curing
 s - 4 potions of cancellation
 t - 2 potions of mutation
 u - 2 potions of ambrosia
 A - a potion of lignification
 K - 3 potions of attraction
 Q - a potion of resistance
 U - 3 potions of magic
 X - a potion of berserk rage
Miscellaneous
 C - a condenser vane


   Skills:
 - Level 6.8 Fighting
 - Level 2.1 Short Blades
 - Level 7.6 Ranged Weapons
 - Level 8.0 Dodging
 - Level 2.4 Stealth
 - Level 4.0 Shields
 + Level 18.3 Spellcasting
 + Level 14.2 Conjurations
 - Level 4.0 Hexes
 + Level 14.8 Fire Magic
 - Level 3.0 Air Magic
 - Level 2.3 Poison Magic
 + Level 8.3 Evocations


You had 23 spell levels left.
You knew the following spells:

 Your Spells              Type           Power      Damage    Failure   Level
a - Magic Dart            Conj           100%       1d8       0%          1
b - Searing Ray           Conj           100%       2d8       0%          2
c - Poisonous Vapours     Pois/Air       86%        N/A       1%          2
d - Fireball              Conj/Fire      43%        3d17      1%          5
e - Starburst             Conj/Fire      43%        6d12      1%          6
f - Sticky Flame          Conj/Fire      86%        2d10      1%          4
g - Inner Flame           Hex/Fire       71%        N/A       1%          3
h - Lightning Bolt        Conj/Air       34%        1d51      1%          5

Your spell library contained the following spells:

 Spells                   Type           Power      Damage    Failure   Level
 Arcjolt                  Conj/Air       34%        1d44      1%          5
 Foxfire                  Conj/Fire      100%       2x1d9     0%          1
 Slow                     Hex            100%       N/A       1%          1
 Sting                    Tmut/Pois      100%       1d8       1%          1
 Lesser Beckoning         Tloc           54%        N/A       1%          2
 Dazzling Flash           Conj/Hex       100%       N/A       1%          3
 Kindle Blastsparks       Fire/Tloc/Air  100%       2d18      1%          3
 Portal Projectile        Hex/Tloc       78%        N/A       1%          3
 Fulminant Prism          Conj/Hex       35%        3d17      1%          4
 Iskenderun's Mystic Bla  Conj/Tloc      63%        2d13      1%          4
 Olgreb's Toxic Radiance  Pois           41%        N/A       1%          4
 Call Canine Familiar     Summ           27%        N/A       2%          3
 Gell's Gravitas          Tloc           27%        N/A       2%          3
 Teleport Other           Tloc           27%        N/A       2%          3
 Leda's Liquefaction      Hex/Erth       19%        N/A       3%          4
 Lee's Rapid Deconstruct  Erth           13%        3d9*      6%          5
 Summon Mana Viper        Hex/Summ       39%        N/A       9%          5
 Summon Forest            Summ/Tloc      13%        N/A       21%         5
 Summon Cactus Giant      Summ           13%        N/A       71%         6


Dungeon Overview and Level Annotations

Branches:
Dungeon (13/15)            Temple (1/1) D:7            Lair (5/5) D:9
 Shoals (0/4) Lair:3        Snake (0/4) Lair:2        Slime (0/5) Lair:5
    Orc (2/2) D:9             Elf (0/3) Orc:2        Vaults (0/5) D:13
  Sewer (visited)           IceCv (visited)         Volcano (visited)

Altars:
Ashenzari
Cheibriados
Dithmenos
Elyvilon
Fedhas
Gozag
Hepliaklqana
Kikubaaqudgha
Makhleb
Nemelex Xobeh
Okawaru
Qazlal
Ru
Sif Muna
Trog
Uskayaw
Vehumet
Wu Jian
Xom
Yredelemnul
Zin
The Shining One
Jiyva

Shops:
D:5 (   D:7 (

Portals:
Trove: D:13 (give 12 potions of heal wounds)


Message History

An orc comes into view. It is wielding a +0 falchion.
The orc priest calls down the wrath of Beogh upon you.
You resist with almost no effort.
The searing ray hits the red devil.
The red devil is almost dead.
The searing ray hits the orc warrior!
The orc warrior is moderately wounded.
The searing ray hits the orc.
The orc is heavily wounded.
The red devil hits you with a +2 demon trident of electrocution!
Barbed spikes become lodged in your body.
An orc comes into view. It is wielding a +0 flail.
Without enough magic to sustain it, your searing ray dissipates.
The orc shouts!
You hear a shout! x3
The red devil misses you.
An orc comes into view. It is wielding a +0 dagger.
The orc priest misses you.
You hit the red devil but do no damage.
The red devil is almost dead.
An orc knight comes into view.
It is wielding a +1 battleaxe of flaming.
You block the orc's attack.
The red devil hits you with a +2 demon trident of electrocution!
Barbed spikes become lodged in your body.
You hit the red devil.
The red devil is almost dead.
The orc misses you.
The red devil hits you with a +2 demon trident of electrocution!
Barbed spikes become lodged in your body.
You block the orc priest's attack.
As you read the scroll of teleportation, it crumbles to dust.
You feel strangely unstable.
The orc knight roars a battlecry!
The orcs go into a battle-frenzy!
The orc hits you with a +0 short sword.
The red devil hits you with a +2 demon trident of electrocution!
Barbed spikes become lodged in your body.
You are electrocuted!
* * * LOW HITPOINT WARNING * * *
The orc priest hits you with a +1 heavy flail!!
You die...

..##
##.................#.
.## ..#
#................... ##
.o.###..................
#
)))###.........÷.......
.))###................
#oo###..)...........#
#oo###.)............
#4o###...).[.......
#@o###...<).......
##..##)...........
##....[†..)......
##....[[........
##..........#..
##............
..........#.
........#.#.
........#...


You could see an orc knight, a red devil, an orc warrior (strong), an orc priest
(strong) and 4 orcs.

Vanquished Creatures
  A reaper (IceCv)
  Nessos (Orc:2)
  Azrael (Orc:2)
  A red draconian (Volcano)
  An ettin (Orc:1)
  9 hydras
  An ice dragon (Lair:4)
  A catoblepas (Lair:5)
  2 centaur warriors
  An ogre mage (D:8)
  6 boulder beetles
  6 death yaks (Lair:5)
  The ghost of thfrgi the Fighter, a novice DsGl of Ashenzari (D:8)
  7 two-headed ogres
  A deep troll shaman (Lair:5)
  An orc high priest (Orc:2)
  Urug (Lair:2)
  Nergalle (Orc:1)
  5 harpies (D:12)
  2 orc knights
  A manticore (D:13)
  3 deep elf pyromancers
  An orc sorcerer (Orc:2)
  A deep elf zephyrmancer (D:13)
  3 cyclopes
  2 ugly things
  11 elephants
  A merfolk siren (Lair:3)
  7 black mambas
  A torpor snail (Lair:5)
  3 ice statues
  2 tengu conjurers (D:13)
  11 cane toads
  4 rime drakes (Lair:5)
  An unseen horror (D:8)
  Psyche (D:10)
  4 komodo dragons
  A freezing wraith (IceCv)
  7 ice devils (IceCv)
  5 polar bears
  6 trolls
  A hornet (D:8)
  Prince Ribbit (Lair:3)
  Sigmund (D:7)
  21 blink frogs
  6 dream sheep (Lair:5)
  10 slime creatures
  2 shadows
  8 wyverns
  24 yaks
  A vampire (D:8)
  A dire elephant simulacrum (IceCv)
  4 wraiths
  2 basilisks
  3 steam dragons
  3 fire elementals (Orc:2)
  4 wargs
  A death yak simulacrum (IceCv)
  Edmund (D:7)
  2 acid dragons
  2 hell hounds
  13 water moccasins
  2 hydra simulacra (IceCv)
  2 hornet zombies (D:7)
  6 ice beasts
  27 orc warriors
  3 sky beasts
  6 black bears
  4 ogres
  12 wolves
  13 centaurs
  3 phantoms
  4 kobold brigands
  9 bullfrogs
  A necrophage (D:5)
  2 wyvern zombies (D:7)
  3 gnoll sergeants (D:8)
  6 scorpions
  3 two-headed ogre simulacra (IceCv)
  A cane toad simulacrum (IceCv)
  10 wights
  An elephant simulacrum (IceCv)
  5 killer bees
  An electric eel (Lair:3)
  7 howler monkeys
  2 centaur zombies (D:7)
  A bullfrog zombie (D:7)
  5 jellies
  14 orc priests
  4 hounds
  A gnoll bouda (D:10)
  2 iguanas (D:7)
  14 orc wizards
  14 hell rats
  2 spriggan simulacra (IceCv)
  2 troll simulacra (IceCv)
  A killer bee zombie (D:7)
  2 wolf simulacra (IceCv)
  A howler monkey zombie (D:7)
  18 adders
  2 river rats
  16 gnolls
  3 shadow imps
  4 white imps
  7 ufetubi
  8 worms
  2 dart slugs (D:2)
  83 orcs
  13 ball pythons
  6 bats
  7 endoplasms
  2 giant cockroaches
  13 goblins
  2 hobgoblins
  6 jackals
  17 kobolds
  4 quokkas
  6 frilled lizards
  11 rats
  A bush (Lair:5)
664 creatures vanquished.

Vanquished Creatures (collateral kills)
  A fire elemental (Orc:2)
  An orc (Orc:2)
2 creatures vanquished.

Vanquished Creatures (others)
  34 fungi
  94 plants
  6 withered plants
134 creatures vanquished.

Grand Total: 800 creatures vanquished

Notes
Turn   | Place    | Note
-------+----------+-------------------------------------------
     0 | D:1      | Ijustatesigmund the Deep Elf Conjurer began the quest for
                  | the Orb.
     0 | D:1      | Reached XP level 1. HP: 10/10 MP: 6/6
   268 | D:1      | Reached XP level 2. HP: 15/15 MP: 2/8
   360 | D:1      | Learned a level 2 spell: Searing Ray
  1264 | D:2      | Reached skill level 4 in Spellcasting
  1264 | D:2      | Reached XP level 3. HP: 17/20 MP: 4/10
  1353 | D:2      | Found a hazy altar of Hepliaklqana.
  1463 | D:2      | Reached skill level 5 in Conjurations
  1626 | D:2      | Reached skill level 1 in Fighting
  1771 | D:2      | Learned a level 2 spell: Poisonous Vapours
  2175 | D:2      | Reached XP level 4. HP: 25/25 MP: 10/12
  2304 | D:2      | Found a faded altar of an unknown god.
  2585 | D:2      | Reached skill level 1 in Air Magic
  2585 | D:2      | Reached skill level 1 in Poison Magic
  2733 | D:2      | Reached XP level 5. HP: 29/29 MP: 8/14
  3268 | D:3      | Found an iron altar of Okawaru.
  3374 | D:3      | Found a hide-covered altar of Uskayaw.
  3526 | D:3      | Reached skill level 5 in Spellcasting
  4242 | D:4      | Reached XP level 6. HP: 35/35 MP: 8/15
  4893 | D:4      | Reached skill level 1 in Shields
  4893 | D:4      | Reached skill level 6 in Spellcasting
  5222 | D:4      | Learned a level 5 spell: Fireball
  5251 | D:5      | Entered Level 5 of the Dungeon
  5345 | D:5      | Reached skill level 1 in Fire Magic
  5560 | D:5      | Found Ryash's Antique Weapon Boutique.
  5572 | D:5      | Bought a shimmering rapier for 198 gold pieces
  5572 | D:5      | Identified the +4 rapier of Terra Cotta {flame, Will++
                  | SInv} (You bought it in a shop on level 5 of the Dungeon)
  5591 | D:5      | Reached XP level 7. HP: 40/40 MP: 8/19
  5630 | D:5      | Reached skill level 7 in Spellcasting
  5641 | D:5      | Found a shimmering altar of Xom.
  5697 | D:5      | Found a radiant altar of Vehumet.
  5775 | D:5      | Reached skill level 8 in Spellcasting
  5807 | D:5      | Found a glowing drain.
  5814 | Sewer    | Entered a sewer
  6183 | Sewer    | Reached XP level 8. HP: 45/45 MP: 17/22
  8211 | D:6      | Reached skill level 5 in Fire Magic
  8325 | D:6      | Reached skill level 9 in Spellcasting
  8346 | D:6      | Reached skill level 1 in Short Blades
  8575 | D:7      | Found a white marble altar of Elyvilon.
  8996 | D:7      | Found a staircase to the Ecumenical Temple.
  9070 | Temple   | Entered the Ecumenical Temple
  9253 | D:7      | Noticed Sigmund
  9255 | D:7      | Killed Sigmund
  9256 | D:7      | Reached XP level 9. HP: 51/51 MP: 13/24
  9261 | D:7      | Noticed Edmund
  9289 | D:7      | Killed Edmund
  9479 | D:7      | Reached skill level 10 in Spellcasting
 10170 | D:6      | Found a blossoming altar of Fedhas.
 10220 | D:6      | Found an ancient bone altar of Kikubaaqudgha.
 10325 | D:6      | Found an ornate altar of the Wu Jian Council.
 11100 | D:7      | Reached skill level 11 in Spellcasting
 11141 | D:7      | Found Paxepa's Weapon Boutique.
 11756 | D:8      | Noticed an unseen horror
 11763 | D:8      | Killed an unseen horror
 12006 | D:8      | Reached XP level 10. HP: 36/56 MP: 19/27
 12122 | D:8      | Found a large runed translucent door.
 12122 | D:8      | Found a large runed translucent door.
 12275 | D:8      | Noticed an ogre mage
 12278 | D:8      | Killed an ogre mage
 12295 | D:8      | Noticed a cyclops
 12299 | D:8      | Found a sparkling altar of Nemelex Xobeh.
 12631 | D:5      | Became a worshipper of Vehumet
 12695 | D:8      | Reached skill level 12 in Spellcasting
 12852 | D:8      | Killed a cyclops
 12997 | D:8      | Noticed a centaur warrior
 13346 | D:8      | Killed a centaur warrior
 13858 | D:8      | Reached skill level 13 in Spellcasting
 13981 | D:8      | Found a snail-covered altar of Cheibriados.
 14099 | D:8      | Noticed a two-headed ogre
 14307 | D:8      | Killed a two-headed ogre
 14308 | D:8      | Reached XP level 11. HP: 51/60 MP: 18/30
 14501 | D:8      | Found a glowing golden altar of the Shining One.
 14698 | D:8      | Reached skill level 10 in Fire Magic
 14967 | D:8      | Found a runed translucent gate.
 14968 | D:8      | Found a runed translucent gate.
 14969 | D:8      | Found a runed translucent gate.
 14970 | D:8      | Identified the +4 chain mail "Komor" {Int+3}
 14970 | D:8      | Noticed thfrgi's ghost (novice DsGl)
 15267 | D:8      | Noticed a red ugly thing
 15270 | D:8      | Noticed a deep elf pyromancer
 15273 | D:8      | Killed a deep elf pyromancer
 15617 | D:9      | Found a staircase to the Lair.
 15626 | D:9      | Reached * piety under Vehumet
 15626 | D:9      | Offered knowledge of Sandblast by Vehumet.
 15956 | D:9      | Reached skill level 14 in Spellcasting
 16021 | D:9      | Learned a level 6 spell: Starburst
 16370 | D:9      | Reached skill level 1 in Evocations
 16851 | D:9      | Found a staircase to the Orcish Mines.
 16925 | D:10     | Entered Level 10 of the Dungeon
 17050 | D:10     | Noticed Psyche
 17068 | D:10     | Killed Psyche
 17487 | D:11     | Offered knowledge of Scorch by Vehumet.
 17488 | D:11     | Reached skill level 5 in Evocations
 17492 | D:11     | Reached ** piety under Vehumet
 17908 | D:11     | Noticed a boulder beetle
 17920 | D:11     | Killed a boulder beetle
 18067 | D:11     | Noticed a two-headed ogre
 18071 | D:11     | Killed a two-headed ogre
 18082 | D:11     | Reached skill level 10 in Conjurations
 18349 | D:11     | Noticed a two-headed ogre
 18353 | D:11     | Killed a two-headed ogre
 18618 | D:12     | Reached XP level 12. HP: 66/66 MP: 18/32
 18858 | D:12     | Found a viscous altar of Jiyva.
 19209 | D:12     | Noticed a boulder beetle
 19220 | D:12     | Killed a boulder beetle
 19229 | D:12     | Noticed a two-headed ogre
 19233 | D:12     | Killed a two-headed ogre
 19416 | D:12     | Reached skill level 5 in Dodging
 19419 | D:12     | Offered knowledge of Static Discharge by Vehumet.
 19733 | D:12     | Noticed a boulder beetle
 19739 | D:12     | Killed a boulder beetle
 19740 | D:12     | Reached skill level 15 in Spellcasting
 19911 | D:12     | Identified the +1 robe of Foolhardiness {Slay+2}
 20359 | D:10     | Identified the +4 dagger of Makhleb's Esteem {drain, Int+4}
 21169 | D:8      | Killed thfrgi's ghost
 21235 | D:8      | Reached *** piety under Vehumet
 21461 | D:8      | Found a broken altar of Ashenzari.
 21464 | D:8      | Found a shadowy altar of Dithmenos.
 21596 | D:13     | Found a portal to a secret trove of treasure.
 22448 | D:13     | Offered knowledge of Sticky Flame by Vehumet.
 22505 | D:13     | Learned a level 4 spell: Sticky Flame
 22804 | D:13     | Noticed a two-headed ogre
 22827 | D:13     | Killed a two-headed ogre
 22828 | D:13     | Reached XP level 13. HP: 51/72 MP: 25/34
 22849 | D:13     | Reached skill level 16 in Spellcasting
 23371 | D:13     | Reached **** piety under Vehumet
 23527 | D:13     | Found a runed translucent door.
 23566 | D:13     | Found a gate to the Vaults.
 23764 | D:13     | Reached skill level 5 in Fighting
 23764 | D:13     | Offered knowledge of Inner Flame by Vehumet.
 23913 | D:12     | Learned a level 3 spell: Inner Flame
 24013 | Lair:1   | Entered Level 1 of the Lair of Beasts
 24103 | Lair:1   | Reached skill level 1 in Hexes
 24510 | Lair:2   | Noticed Urug
 25662 | Lair:2   | Found a staircase to the Snake Pit.
 26048 | Lair:2   | Found an ancient bone altar of Kikubaaqudgha.
 26061 | Lair:2   | Killed Urug
 26884 | Lair:3   | Identified the +9 glaive "Wohog" {heavy, rElec rCorr Str-4}
 27053 | Lair:3   | Found a staircase to the Shoals.
 27118 | Lair:3   | Noticed Prince Ribbit
 27119 | Lair:3   | Killed Prince Ribbit
 27190 | Lair:3   | Identified a scroll of acquirement
 27190 | Lair:3   | Acquired 1136 gold pieces
 27796 | Lair:4   | Reached ***** piety under Vehumet
 27809 | Lair:4   | Offered knowledge of Lightning Bolt by Vehumet.
 27898 | Lair:4   | Learned a level 5 spell: Lightning Bolt
 28040 | Lair:4   | Reached XP level 14. HP: 57/80 MP: 18/36
 28822 | Lair:5   | Entered Level 5 of the Lair of Beasts
 28833 | Lair:5   | Found a dark tunnel.
 28844 | Volcano  | Entered a volcano
 28864 | Volcano  | Reached skill level 17 in Spellcasting
 28885 | Volcano  | Found a bloodstained altar of Trog.
 28919 | Volcano  | Reached XP level 15. HP: 51/85 MP: 33/38
 28991 | Lair:5   | Reached skill level 1 in Ranged Weapons
 29032 | Lair:5   | Reached skill level 5 in Ranged Weapons
 29050 | Lair:5   | Found a frozen archway.
 29059 | IceCv    | Entered an ice cave
 30615 | Lair:5   | Offered knowledge of Arcjolt by Vehumet.
 32066 | Lair:5   | Found a viscous altar of Jiyva.
 32067 | Lair:5   | Found a staircase to the Slime Pits.
 33175 | Lair:5   | Reached skill level 18 in Spellcasting
 33608 | Lair:5   | Identified the +0 chain mail "Onigal" {rPois rCorr Dex-5}
 33771 | Orc:1    | Entered Level 1 of the Orcish Mines
 33782 | Orc:1    | Noticed Nergalle
 33786 | Orc:1    | Killed Nergalle
 34037 | Orc:1    | Found a shimmering blue altar of Sif Muna.
 34062 | Orc:1    | Got Sif Muna's Collected Works on the Sphinx
 34247 | Orc:2    | Entered Level 2 of the Orcish Mines
 34247 | Orc:2    | Found a staircase to the Elven Halls.
 34257 | Orc:2    | Noticed Nessos
 34261 | Orc:2    | Killed Nessos
 35211 | Orc:2    | Noticed Azrael
 35423 | Orc:2    | Killed Azrael
 35425 | Orc:2    | Reached XP level 16. HP: 57/90 MP: 40/40
 35568 | Orc:2    | Reached ****** piety under Vehumet
 35584 | Orc:2    | Slain by an orc priest

Illustrated notes

Levels and vault maps discovered:
D:1:      wander_arrival_peaceful_grave, layout_basic
D:2:      layout_basic, shapermc_ecumenical_altar_mp_ritualfount, basic_altar,
          minmay_indecisive_spiral
D:3:      layout_basic, eat_drink_and_be_merry_uskayaw, lemuel_crystal_altar,
          minmay_starry_boxes
D:4:      layout_rooms, minmay_misc_feat_nine_boxes
D:5:      layout_cave_pools, mainiacjoe_overflow_concentric_impassable,
          fiery_altar_vehumet, serial_shops, nicolae_shop_crystal,
          serial_column_ruins, column_ruins_open_tiny_water,
          column_ruins_columns_dead_end, column_ruins_open_tiny,
          column_ruins_open_small, column_ruins_open_tiny,
          lightli_sewer_entry_pipes
D:6:      layout_basic, grunt_temple_overflow_growth_and_decay,
          lemuel_tele_altar
D:7:      layout_gridville, lemuel_doored_altar, minmay_temple_entry_overgrown,
          serial_undead, serial_undead_c, serial_undead_b, serial_undead_b,
          serial_undead_d, serial_undead_d, serial_undead_a, serial_shops, shop,
          sigmund_edmund_badplayer
D:8:      nzn_winding_woodlands_large [nzn_winding_woodlands_5x5_perimeter,
          nzn_winding_woodlands_5x15_pathside_ponds,
          nzn_winding_woodlands_5x5_closed_star,
          nzn_winding_woodlands_center_diamonds,
          nzn_winding_woodlands_15x15_boxy_spiral,
          nzn_winding_woodlands_center_triple_pond,
          nzn_winding_woodlands_5x5_cross,
          nzn_winding_woodlands_5x15_concentric,
          nzn_winding_woodlands_hourglass], layout_cave_pods,
          mainiacjoe_overflow_alcove_1, cheibriados_altar_1,
          nemelex_diamond_rough_becter, jmf_multi_god_temple2,
          biasface_ghost_orc_armoury, kennysheep_generic_room_3
D:9:      layout_basic, minmay_lair_entry_grove, minmay_misc_feat_rugged
D:10:     layout_basic, uniq_psyche
D:11:     layout_irregular_city
D:12:     layout_loops_ring, jiyva_altar_1
D:13:     layout_loops_ring, david_vaults_1, nicolae_trove_entry_free_sample,
          minivault_23, nicolae_hydra_factorization
Temple:   nicolae_temple_bog_church
Lair:1:   layout_cellular_growth
Lair:2:   layout_loops_ring, dummy_snake_entry, basic_altar, uniq_urug
Lair:3:   layout_cellular_growth, elwin_shoals_entry_rooms,
          serial_bayou_shore_b, uniq_prince_ribbit2
Lair:4:   layout_gridlike, ice2_lemuel, grunt_megastairs_5, serial_bayou_shore_b
Lair:5:   grunt_lair_end_beastmaster, layout_layer_cave, slime_entry_1,
          lightli_volcano_entry_magma_tube, portal_ice_cave_rime,
          nzn_sisyphean_effort
Orc:1:    layout_diamond_mine, led_sif_book, uniq_nergalle
Orc:2:    pf_orc_diabolical, layout_caves, nicolae_shop_overcharged_wands,
          uniq_nessos, uniq_azrael

Skill      XL: |  1  2  3  4  5  6  7  8  9 10 11 12 13 14 15 |
---------------+----------------------------------------------+-----
Spellcasting   | 4 5 6 8 9 11 13 14 15 16 17 18 | 18.3
Conjurations   | 5 6 8 10 11 12 13 14 | 14.2
Fighting       | 1 2 3 4 6 |  6.8
Air Magic      | 1 2 3 |  3.0
Poison Magic   | 1 2 |  2.3
Shields        | 1 3 4 |  4.0
Fire Magic     | 1 4 6 8 9 11 12 13 14 | 14.8
Short Blades   | 2 |  2.1
Evocations     | 5 6 8 |  8.3
Dodging        | 3 5 8 |  8.0
Hexes          | 4 |  4.0
Ranged Weapons | 7 |  7.6
Stealth        | |  2.4

Action                     |  1- 3 |  4- 6 |  7- 9 | 10-12 | 13-15 | 16-18 || total
---------------------------+-------+-------+-------+-------+-------+-------++-------
  Melee: Dagger            |     3 |       |       |       |       |       ||     3
         Rapier            |       |       |    45 |    13 |   103 |     5 ||   166
   Fire: Shortbow          |       |       |       |       |     3 |       ||     3
   Cast: Magic Dart        |    66 |   112 |   127 |   126 |    99 |     2 ||   532
         Poisonous Vapours |     3 |    16 |     5 |    24 |    48 |     2 ||    98
         Searing Ray       |     1 |    16 |    61 |    50 |    38 |     3 ||   169
         Fireball          |       |       |    26 |   163 |   274 |    11 ||   474
         Sticky Flame      |       |       |       |       |    19 |       ||    19
         Starburst         |       |       |       |       |    15 |       ||    15
  Evoke: Wand              |       |       |     3 |    16 |    28 |     2 ||    49
         Condenser vane    |       |       |       |       |     1 |       ||     1
    Use: Scroll            |     2 |     5 |     9 |    12 |    10 |     1 ||    39
         Potion            |       |       |     5 |     3 |    10 |       ||    18
   Stab: Invisible         |       |       |     1 |       |       |       ||     1
         Sleeping          |       |       |     1 |     1 |       |       ||     2
         Paralysed         |       |       |       |     5 |    15 |       ||    20
         Distracted        |       |       |       |       |       |     1 ||     1
 Armour: Robe              |     2 |     6 |    37 |     1 |       |       ||    46
         Steam dragon scal |       |       |       |    32 |    81 |     2 ||   115
         Ring mail         |       |       |       |     1 |       |       ||     1
  Dodge: Dodged            |    12 |    15 |    90 |    68 |   134 |    12 ||   331
  Block: Buckler           |       |     2 |    20 |    30 |    45 |     7 ||   104

Table legend: (Time is in decaauts)
 A = Elapsed time spent in this place.
 B = Non-inter-level travel time spent in this place.
 C = Inter-level travel time spent in this place.
 D = Time resting spent in this place.
 E = Time spent auto-exploring this place.
 F = Levels seen in this place.
 G = Mean time per level.
                   A        B        C        D        E       F      G
               +--------+--------+--------+--------+--------+-----+--------+
         Total |  35740 |  34310 |   1430 |  15166 |  14786 |  24 | 1489.2 |
       Dungeon |  22496 |  21437 |   1059 |   9214 |   9687 |  13 | 1730.5 |
        Temple |    180 |    165 |     15 |      0 |    161 |   1 |  180.0 |
          Lair |   8071 |   7810 |    261 |   3251 |   3556 |   5 | 1614.2 |
  Orcish Mines |   1787 |   1693 |     94 |    848 |    573 |   2 |  893.5 |
         Sewer |   1526 |   1526 |      0 |    630 |    721 |   1 | 1526.0 |
      Ice Cave |   1549 |   1549 |      0 |   1217 |     73 |   1 | 1549.0 |
       Volcano |    128 |    128 |      0 |      5 |     15 |   1 |  128.0 |
               +--------+--------+--------+--------+--------+-----+--------+

Top non-repeatable levels by time:
     D:8: 4199 daAuts
  Lair:5: 2471 daAuts
     D:7: 2415 daAuts
    D:13: 2160 daAuts
    D:12: 1825 daAuts
  Lair:4: 1760 daAuts
     D:6: 1708 daAuts
     D:9: 1609 daAuts
     D:2: 1586 daAuts
     D:1: 1557 daAuts
   IceCv: 1549 daAuts
   Sewer: 1526 daAuts
  Lair:3: 1387 daAuts
  Lair:1: 1287 daAuts
    D:11: 1246 daAuts
